 Dungeon Crawl Stone Soup version 0.24-a0-784-g601f8f6d22 (webtiles) character file.

Game seed: 2302254182728966681, levelgen mode: deterministic

274980 Froggeryz the Marksminotaur (level 19, -31/185 HPs)
             Began as a Minotaur Hunter on Oct 5, 2019.
             Was the Champion of Okawaru.
             Killed from afar by Sojobo (43 damage)
             ... with a bolt of lightning
             ... on level 2 of the Vaults on Oct 9, 2019.
             The game lasted 02:17:34 (38850 turns).

Froggeryz the Marksminotaur (Minotaur Hunter)      Turns: 38850, Time: 02:17:34

Health: -31/185    AC: 24    Str: 18    XL:     19   Next: 54%
Magic:  25/25      EV: 19    Int: 10    God:    Okawaru [******]
Gold:   1809       SH:  0    Dex: 22    Spells: 18/18 levels left

rFire    + . .     SeeInvis .   Y - +8 storm bow {elec, penet}
rCold    . . .     Gourm    .   (shield currently unavailable)
rNeg     + + .     Faith    .   J - +2 scale mail of Fummife {MR+}
rPois    +         Spirit   .   T - +2 hat {MR+}
rElec    .         Reflect  .   I - +2 ratskin cloak {+Rats rPois rN+ Str-1 Int-1 Dex+1}
rCorr    .         Harm     .   y - +2 pair of gloves {Dex+3}
MR       +++..                  t - +2 pair of boots {run}
Stlth    +++.......             p - amulet of regeneration
HPRegen  0.80/turn              L - ring of Baheffot {rN+ Dex+4 Stlth+}
MPRegen  0.19/turn              g - ring "Wocuq" {Wiz +Inv rF+}

@: about to teleport, very slightly contaminated, quick
A: retaliatory headbutt, horns 2, shaggy fur 1, MP-powered wands
}: 2/15 runes: barnacled, gossamer
a: Heroism, Finesse, Renounce Religion, Evoke Ratskin, Evoke Invisibility


You were on level 2 of the Vaults.
You worshipped Okawaru.
Okawaru was exalted by your worship.
You were not hungry.

You visited 7 branches of the dungeon, and saw 34 of its levels.
You also visited: Ice Cave.

You collected 3461 gold pieces.
You spent 1652 gold pieces at shops.

Inventory:

Hand Weapons
 i - the +3 lajatang "Zedwon" {slice, rPois}
   (Okawaru gifted it to you on level 3 of the Lair of Beasts)

   It inflicts extra damage upon your enemies.
   It protects you from poison.
 K - the +11 scimitar of Wounding {slice, -Tele +Fly Int+3 Dex+6}
   (You found it on level 9 of the Dungeon)

   It inflicts extra damage upon your enemies.
   It affects your intelligence (+3).
   It affects your dexterity (+6).
   It lets you fly.
   It prevents most forms of teleportation.
 Y - the +8 storm bow (weapon) {elec, penet}
   (You acquired it on level 12 of the Dungeon)

   It charges the ammunition it shoots with electricity; occasionally upon a
   hit, such missiles may discharge and cause terrible harm.
   Ammo fired by it will pass through the targets it hits, potentially hitting
   all targets in its path until it reaches maximum range.
Missiles
 d - 378 arrows (quivered)
Armour
 e - a +0 crystal plate armour
 j - a +2 pair of boots of flying
 t - a +2 pair of boots of running (worn)
 y - a +2 pair of gloves of dexterity (worn)
 I - the +2 ratskin cloak (worn) {+Rats rPois rN+ Str-1 Int-1 Dex+1}
   (You bought it in a shop on level 14 of the Dungeon)

   It affects your strength (-1).
   It affects your intelligence (-1).
   It affects your dexterity (+1).
   It protects you from poison.
   It protects you from negative energy.
 J - the +2 scale mail of Fummife (worn) {MR+}
   (Okawaru gifted it to you on level 3 of the Lair of Beasts)

   It affects your resistance to hostile enchantments.
 R - a +2 pair of boots of stealth
 T - a +2 hat of magic resistance (worn)
Jewellery
 b - an uncursed ring of ice
 c - a +4 ring of evasion
 g - the ring "Wocuq" (right hand) {Wiz +Inv rF+}
   (You took it off an orc wizard on level 7 of the Dungeon)

   [ring of wizardry]

   It improves your spell success rate.
   It protects you from fire.
   It lets you turn invisible.
 p - an amulet of regeneration (around neck)
 r - the ring "Buruno" {+Blink rElec rPois rC- MR+}
   (You bought it in a shop on level 2 of the Orcish Mines)

   [ring of protection from magic]

   It makes you vulnerable to cold.
   It insulates you from electricity.
   It protects you from poison.
   It affects your resistance to hostile enchantments.
   It lets you blink.
 s - an uncursed ring of see invisible
 L - the ring of Baheffot (left hand) {rN+ Dex+4 Stlth+}
   (You found it on level 4 of the Shoals)

   [ring of positive energy]

   It affects your dexterity (+4).
   It protects you from negative energy.
   It makes you more stealthy.
 P - an uncursed ring of ice
 S - the amulet of the Madman {Acrobat rN+}
   (You found it on level 4 of the Shoals)

   [amulet of the acrobat]

   It helps you evade while moving and waiting.
   It protects you from negative energy.
 W - the ring "Dofuaxam" {+Inv rCorr Str+2}
   (You found it in an ice cave)

   [ring of resist corrosion]

   It affects your strength (+2).
   It lets you turn invisible.
   It provides partial protection from all sources of acid and corrosion.
Wands
 a - a wand of random effects (31)
 m - a wand of paralysis (21)
 u - a wand of disintegration (12)
 v - a wand of flame (36)
 D - a wand of iceblast (26)
 G - a wand of enslavement (23)
 H - a wand of scattershot (13)
 X - a wand of acid (19)
Scrolls
 h - 3 scrolls of holy word
 k - 2 scrolls of teleportation
 n - 6 scrolls of remove curse
 o - 2 scrolls of amnesia
 q - a scroll of enchant armour
 A - 6 scrolls of fog
 F - 7 scrolls of magic mapping
 M - 2 scrolls of blinking
 N - a scroll of identify
 Q - 2 scrolls of enchant weapon
 U - 2 scrolls of brand weapon
 V - 3 scrolls of fear
Potions
 l - 2 potions of cancellation
 x - 6 potions of ambrosia
 z - 6 potions of agility
 B - 6 potions of might
 C - a potion of invisibility
 E - 4 potions of curing
 O - 9 potions of haste
Miscellaneous
 w - a fan of gales
Comestibles
 f - 51 rations


   Skills:
 - Level 20.0 Fighting
 - Level 15.0 Staves
 - Level 20.4 Bows
 - Level 12.0 Armour
 - Level 11.6 Dodging
 + Level 5.1 Stealth
 - Level 10.6 Invocations
 - Level 10.0 Evocations


You had 18 spell levels left.
You didn't know any spells.
Your spell library contained the following spells:

 Spells                   Type           Power        Failure   Level  Hunger
 Animate Skeleton         Necr           N/A          34%         1    ##.....
 Apportation              Tloc           #.....       34%         1    ##.....
 Confusing Touch          Hex            #.....       34%         1    ##.....
 Corona                   Hex            #......      34%         1    ##.....
 Flame Tongue             Conj/Fire      #....        34%         1    ##.....
 Magic Dart               Conj           #...         34%         1    ##.....
 Sting                    Conj/Pois      #...         34%         1    ##.....
 Summon Small Mammal      Summ           #...         34%         1    ##.....
 Call Imp                 Summ           #.......     45%         2    ###....
 Ensorcelled Hibernation  Hex/Ice        #.....       45%         2    ###....
 Poisonous Vapours        Pois/Air       #.....       45%         2    ###....
 Searing Ray              Conj           #.....       45%         2    ###....
 Slow                     Hex            #.......     45%         2    ###....
 Call Canine Familiar     Summ           #.......     69%         3    ####...
 Confuse                  Hex            #.......     69%         3    ####...
 Dazzling Spray           Conj/Hex       #.....       69%         3    ####...
 Gell's Gravitas          Tloc           #.........   69%         3    ####...
 Inner Flame              Hex/Fire       #.......     69%         3    ####...
 Portal Projectile        Hex/Tloc       #.....       69%         3    ####...
 Recall                   Summ/Tloc      N/A          69%         3    ####...
 Spider Form              Tmut/Pois      #.........   69%         3    ####...
 Summon Guardian Golem    Hex/Summ       #.......     69%         3    ####...
 Tukima's Dance           Hex            #.......     69%         3    ####...
 Cause Fear               Hex            #.........   97%         4    #####..
 Force Lance              Conj/Tloc      #.......     97%         4    #####..
 Fulminant Prism          Conj/Hex       #.........   97%         4    #####..
 Iskenderun's Mystic Bla  Conj           #.......     97%         4    #####..
 Leda's Liquefaction      Hex/Erth       #.........   97%         4    #####..
 Olgreb's Toxic Radiance  Pois           #.......     97%         4    #####..
 Petrify                  Tmut/Erth      #.......     97%         4    #####..
 Summon Ice Beast         Ice/Summ       #.......     97%         4    #####..
 Summon Lightning Spire   Summ/Air       #.......     97%         4    #####..
 Alistair's Intoxication  Tmut/Pois      #.......     100%        5    ######.
 Aura of Abjuration       Summ           #.........   100%        5    ######.
 Bolt of Magma            Conj/Fire/Erth #.........   100%        5    ######.
 Iskenderun's Battlesphe  Conj/Chrm      #.......     100%        5    ######.
 Metabolic Englaciation   Hex/Ice        #.........   100%        5    ######.
 Silence                  Hex/Air        #.........   100%        5    ######.
 Summon Demon             Summ           #.........   100%        5    ######.
 Summon Forest            Summ/Tloc      #.........   100%        5    ######.
 Summon Mana Viper        Hex/Summ       #.......     100%        5    ######.
 Venom Bolt               Conj/Pois      #.........   100%        5    ######.
 Yara's Violent Unravell  Hex/Tmut       #.........   100%        5    ######.
 Bolt of Fire             Conj/Fire      #.........   100%        6    #######
 Deflect Missiles         Chrm/Air       #.........   100%        6    #######
 Iron Shot                Conj/Erth      #.........   100%        6    #######
 Shadow Creatures         Summ           N/A          100%        6    #######
 Dragon Form              Tmut           #.........   100%        7    #######
 Orb of Destruction       Conj           #.........   100%        7    #######
 Spellforged Servitor     Conj/Summ      #.........   100%        7    #######
 Discord                  Hex            #.........   100%        8    #######
 Dragon's Call            Summ           #.........   100%        9    #######


Dungeon Overview and Level Annotations

Branches:
Dungeon (15/15)            Temple (1/1) D:7            Lair (6/6) D:8
 Shoals (4/4) Lair:3       Spider (4/4) Lair:3        Slime (0/5) Lair:6
    Orc (2/2) D:9             Elf (0/3) Orc:2        Vaults (2/5) D:13
 Depths (0/5) D:15          IceCv (visited)
  Crypt: Vaults:2-3

Altars:
Dithmenos
Elyvilon
Fedhas
Hepliaklqana
Kikubaaqudgha
Makhleb
Nemelex Xobeh
Okawaru
Qazlal
Sif Muna
Trog
Vehumet
Wu Jian
Xom
Yredelemnul
Zin
The Shining One
Beogh
Jiyva

Shops:
D:7 [   D:11 !*[   D:12 ?   D:14 [   Orc:2 :=(}   Shoals:4 }

Annotations:
D:4 3 runed translucent doors, 2 transporters, Linguinho's ghost, novice GrFi; Menkaure; Pikel
D:6 2 transporters
Lair:6 1 runed translucent door
Vaults:2 Sojobo


Innate Abilities, Weirdness & Mutations

You reflexively headbutt those who attack you in melee.
You have a pair of horns on your head.
You are covered in fur. (AC +1)
You expend magic power (3 MP) to strengthen your wands.


Message History

Unknown command.
Unknown command.
You are engulfed in raging winds.
The air elemental hits you.
* * * LOW HITPOINT WARNING * * *
The air elemental completely misses you.
The air elemental closely misses you. The air elemental hits you!
* * * LOW HITPOINT WARNING * * *
Sojobo conjures a fierce blast of wind!
You stop ascending the stairs.
You are blown backwards!
The air elementals are blown away by the wind.
Unknown command.
As you read the scroll of teleportation, it crumbles to dust.
You feel strangely unstable.
You are engulfed in raging winds.
You float gracefully downwards.
The air elemental hits you but does no damage.
Sojobo points at you and mumbles some strange words.
The bolt of lightning hits you!
* * * LOW HITPOINT WARNING * * *
The bolt of lightning hits you!!!
You die...

......(..§.........
......((.(.........
.##########........
#........'....(...
#...§.§..#........
#§..§§Q..#........
#......§.#........
#§§<...§.#........
#@§......#........
#E§...§§.#.....)..
#..§§§...#........
#.§..§...#........
#E.......#........
#........#........
#........#........
#........#........
#........


You could see Sojobo and 2 air elementals.

Vanquished Creatures
  Jorgrun (Shoals:1)
  An Ice Fiend (IceCv)
  The ghost of Ynisk the Swashbuckler, an adept HaHu of Okawaru (Vaults:1)
  Gastronok (D:10)
  Polyphemus (Shoals:4)
  2 tengu reavers (Vaults:2)
  Agnes (Spider:1)
  5 ghost moths
  7 vault wardens (Vaults:1)
  10 emperor scorpions
  A frost giant (Shoals:4)
  Louise (Shoals:1)
  6 ironheart preservers
  A very ugly thing (Vaults:1)
  Nessos (D:13)
  4 entropy weavers
  6 merfolk javelineers
  Snorg (D:11)
  A spark wasp (Spider:4)
  2 fire dragons
  A crystal guardian (Vaults:1)
  5 merfolk impalers
  Josephine (D:13)
  A great orb of eyes (Vaults:1)
  2 yaktaur captains (Vaults:1)
  Fannar (Lair:2)
  8 hydras
  Harold (Lair:2)
  9 vault guards
  Erica (Orc:1)
  An anaconda (Lair:6)
  An alligator snapping turtle (Shoals:4)
  A catoblepas (Shoals:4)
  A death knight (D:12)
  5 merfolk avatars
  6 centaur warriors
  3 ogre magi (Vaults:1)
  2 deep troll shamans (Vaults:1)
  2 merfolk aquamancers (Shoals:4)
  3 satyrs
  2 two-headed ogres
  A deep troll earth mage (Vaults:1)
  2 tengu warriors
  6 death yaks
  A deep elf knight (Vaults:1)
  9 skeletal warriors
  6 deep trolls (Vaults:1)
  A fire crab (Lair:6)
  An unseen horror (D:13)
  13 sea snakes
  7 ironbrand convokers
  A phantasmal warrior (D:12)
  A lindwurm (Lair:6)
  15 orb spiders
  16 ugly things
  42 wolf spiders
  A necromancer (D:15)
  6 deep elf magi
  9 harpies
  4 orc sorcerers
  4 oklob plants
  2 orc knights
  8 cyclopes
  23 fauns
  19 manticores
  A vault sentinel (Vaults:1)
  A centaur zombie (D:13)
  3 moths of wrath
  6 elephants (Lair:5)
  A black mamba (shapeshifter) (Vaults:1)
  10 merfolk sirens
  8 water nymphs
  3 black mambas
  A guardian serpent (shapeshifter) (Vaults:1)
  7 torpor snails
  A gargoyle (D:15)
  7 centaur skeletons
  8 spiny frogs
  3 rime drakes
  6 freezing wraiths
  3 anaconda simulacra (IceCv)
  12 demonic crawlers
  6 ice devils (IceCv)
  17 yaktaurs (Vaults:1)
  5 komodo dragons
  6 trolls
  A komodo dragon (shapeshifter) (Vaults:1)
  35 jumping spiders
  11 polar bears
  5 wind drakes
  17 hornets
  2 raiju (Lair:6)
  10 blink frogs
  18 merfolk
  A raiju (shapeshifter) (D:15)
  4 tyrant leeches (Lair:6)
  6 dream sheep
  13 hippogriffs
  16 snapping turtles
  Sigmund (D:2)
  3 slime creatures (Vaults:1)
  11 wraiths
  5 dire elephant simulacra (IceCv)
  2 spriggans
  6 wyverns
  38 yaks
  92 redbacks
  38 tarantellas
  5 water elementals
  Eustachio (D:5)
  A hog (shapeshifter) (D:13)
  A fire bat (shapeshifter) (Vaults:1)
  6 basilisks
  14 vampire mosquitoes
  5 hungry ghosts
  Grum (D:8)
  A steam dragon (Lair:3)
  9 wargs
  4 harpy simulacra (IceCv)
  An iron troll simulacrum (IceCv)
  A soldier ant (D:14)
  A hydra simulacrum (IceCv)
  11 water moccasins
  Duvessa (D:7)
  13 hell hounds (Lair:6)
  6 porcupines
  2 meliai simulacra (D:15)
  2 sky beasts
  16 black bears
  A black bear (shapeshifter) (Vaults:1)
  An alligator simulacrum (IceCv)
  An ettin simulacrum (IceCv)
  8 ice beasts
  7 necrophages
  27 orc warriors
  3 phantoms
  16 ogres
  4 boggarts
  An eye of draining (D:14)
  26 wolves
  An ogre (shapeshifter) (Vaults:1)
  15 centaurs
  11 crocodiles
  2 big kobolds
  A gnoll sergeant (D:6)
  17 bullfrogs
  Dowan (D:7)
  7 scorpions
  A wyvern skeleton (D:14)
  15 killer bees
  16 wights
  9 electric eels
  3 howler monkeys
  2 bullfrog zombies
  A draconian simulacrum (IceCv)
  4 crimson imps
  5 jellies
  13 orc priests
  9 hounds
  22 orc wizards
  5 bullfrog skeletons
  Ijyb (D:5)
  6 iguanas
  A polar bear simulacrum (IceCv)
  11 worker ants
  A troll simulacrum (IceCv)
  A killer bee zombie (D:7)
  2 wolf simulacra (IceCv)
  A centaur simulacrum (IceCv)
  A hound zombie (D:5)
  7 gnolls
  13 adders
  4 naga simulacra (IceCv)
  A shadow imp (D:3)
  8 white imps (IceCv)
  5 ufetubi (IceCv)
  An ooze (D:1)
  An adder zombie (D:6)
  2 adder skeletons
  4 worms
  2 dart slugs (D:2)
  6 leopard geckos
  63 orcs
  7 bats
  6 giant cockroaches
  16 goblins
  8 hobgoblins
  20 jackals
  5 quokkas
  A ball python (D:2)
  9 frilled lizards
  16 kobolds
  2 leopard gecko skeletons
  2 quokka skeletons
  10 rats
  8 plants
1368 creatures vanquished.

Vanquished Creatures (others)
  An ufetubus (IceCv)
  2 fungi
  46 plants
49 creatures vanquished.

Grand Total: 1417 creatures vanquished

Notes
Turn   | Place    | Note
-------+----------+-------------------------------------------
     0 | D:1      | Froggeryz the Minotaur Hunter began the quest for the Orb.
     0 | D:1      | Reached XP level 1. HP: 18/18 MP: 0/0
    41 | D:1      | Reached XP level 2. HP: 25/25 MP: 1/1
   179 | D:1      | Reached skill level 5 in Bows
   246 | D:1      | Reached XP level 3. HP: 20/31 MP: 2/2
   714 | D:2      | Reached XP level 4. HP: 32/38 MP: 3/3
   872 | D:2      | Found a white marble altar of Elyvilon.
  1148 | D:2      | Noticed Sigmund
  1167 | D:2      | Killed Sigmund
  1167 | D:2      | Reached XP level 5. HP: 35/47 MP: 4/4
  1167 | D:2      | Reached XP level 6. HP: 41/55 MP: 5/5
  1793 | D:3      | Reached skill level 5 in Fighting
  2256 | D:4      | Found a runed translucent gate.
  2256 | D:4      | Found a runed translucent gate.
  2257 | D:4      | Found a runed translucent gate.
  2259 | D:4      | Noticed Linguinho's ghost (novice GrFi)
  2426 | D:4      | You fall into a shaft and drop 3 floors!
  2470 | D:7      | Noticed Duvessa
  2585 | D:7      | Gained mutation: You evolve. [potion of mutation]
  2585 | D:7      | Gained mutation: You are covered in fur. (AC +1) [potion of
                  | mutation]
  2585 | D:7      | Noticed Dowan
  2603 | D:7      | Killed Duvessa
  2603 | D:7      | Reached XP level 7. HP: 61/61 MP: 6/6
  2611 | D:7      | Killed Dowan
  2613 | D:7      | Gained mutation: You expend magic power (3 MP) to
                  | strengthen your wands. [evolution]
  2613 | D:7      | Lost mutation: You evolve. [end of evolution]
  2656 | D:7      | Found a staircase to the Ecumenical Temple.
  2671 | Temple   | Entered the Ecumenical Temple
  2679 | Temple   | Became a worshipper of Warmaster Okawaru
  2805 | D:7      | Noticed a hungry ghost
  2925 | D:7      | Noticed a hungry ghost
  2943 | D:7      | Paralysed by fainting for 8 turns
  2954 | D:7      | Killed a hungry ghost
  2981 | D:7      | Reached XP level 8. HP: 19/68 MP: 4/7
  3012 | D:7      | Identified the ring "Wocuq" {Wiz +Inv rF+}
  3396 | D:7      | Reached skill level 5 in Dodging
  3409 | D:7      | Reached skill level 10 in Bows
  3438 | D:7      | Reached * piety under Okawaru
  3471 | D:7      | Found Xutsoiv's Antique Armour Boutique.
  3521 | D:6      | Noticed a cyclops
  3523 | D:6      | Noticed a red ugly thing
  3527 | D:6      | Found a transporter.
  3527 | D:6      | Found a stormy altar of Qazlal.
  3543 | D:6      | Found a transporter.
  3598 | D:6      | Found a radiant altar of Vehumet.
  3606 | D:6      | Found a bloodstained altar of Trog.
  3675 | D:6      | Reached ** piety under Okawaru
  3698 | D:5      | Entered Level 5 of the Dungeon
  3924 | D:4      | Reached XP level 9. HP: 74/74 MP: 8/8
  3948 | D:4      | Noticed Pikel
  3950 | D:4      | Found a transporter.
  3950 | D:4      | Found a basalt altar of Yredelemnul.
  3950 | D:4      | Noticed Menkaure
  3959 | D:4      | Found an ancient bone altar of Kikubaaqudgha.
  3979 | D:4      | Found a transporter.
  4383 | D:5      | Found a basalt altar of Yredelemnul.
  4413 | D:5      | Noticed Eustachio
  4450 | D:5      | Killed Eustachio
  4601 | D:5      | Noticed Ijyb
  4612 | D:5      | Killed Ijyb
  5832 | D:7      | Reached *** piety under Okawaru
  5908 | D:7      | Received a gift from Okawaru
  6076 | D:8      | Found a staircase to the Lair.
  6077 | D:8      | Noticed a komodo dragon
  6115 | D:8      | Killed a komodo dragon
  6294 | D:8      | Reached XP level 10. HP: 81/81 MP: 9/9
  6460 | D:8      | Found a shimmering blue altar of Sif Muna.
  6465 | D:8      | Got an ichor-stained mace
  6466 | D:8      | Identified the +2 mace "Howoergh" {speed, rPois rC+ Dex+2}
                  | (You found it on level 8 of the Dungeon)
  6640 | D:8      | Noticed Grum
  6679 | D:8      | Killed Grum
  6679 | D:8      | Reached **** piety under Okawaru
  6938 | D:9      | Found a sparkling altar of Nemelex Xobeh.
  7251 | D:9      | Found a burning altar of Makhleb.
  7265 | D:9      | Found a staircase to the Orcish Mines.
  7423 | D:9      | Got an ivory scimitar
  7424 | D:9      | Identified the +11 scimitar of Wounding {slice, -Tele +Fly
                  | Int+3 Dex+6} (You found it on level 9 of the Dungeon)
  7429 | D:9      | Found an ornate altar of the Wu Jian Council.
  7697 | Lair:1   | Entered Level 1 of the Lair of Beasts
  7787 | Lair:1   | Noticed a spiny frog
  7813 | Lair:1   | Killed a spiny frog
  8105 | Lair:1   | Reached ***** piety under Okawaru
  8105 | Lair:1   | Received a gift from Okawaru
  8105 | Lair:1   | Reached skill level 10 in Dodging
  8191 | Lair:1   | Received a gift from Okawaru
  8191 | Lair:1   | Reached XP level 11. HP: 77/86 MP: 10/10
  8203 | Lair:1   | Reached skill level 15 in Bows
  9373 | Lair:2   | Noticed Fannar
  9392 | Lair:2   | Killed Fannar
  9392 | Lair:2   | Received a gift from Okawaru
  9934 | Lair:2   | Noticed Harold
 10156 | Lair:2   | Killed Harold
 10156 | Lair:2   | Received a gift from Okawaru
 10412 | Lair:3   | Received a gift from Okawaru
 10620 | Lair:3   | Received a gift from Okawaru
 10735 | Lair:3   | Received a gift from Okawaru
 10749 | Lair:3   | Got a faintly glowing lajatang {god gift}
 10750 | Lair:3   | Identified the +3 lajatang "Zedwon" {slice, rPois} (Okawaru
                  | gifted it to you on level 3 of the Lair of Beasts)
 10801 | Lair:4   | Reached skill level 1 in Staves
 10813 | Lair:4   | Reached XP level 12. HP: 74/94 MP: 11/11
 10821 | Lair:4   | Identified Sif Muna's Disquisition on Contamination
 11909 | Lair:3   | Reached ****** piety under Okawaru
 12094 | Lair:3   | Received a gift from Okawaru
 12094 | Lair:3   | Reached skill level 5 in Staves
 12137 | Lair:3   | Found a hole to the Spider Nest.
 12172 | Lair:3   | Received a gift from Okawaru
 12177 | Lair:3   | Got a shimmering scale mail {god gift}
 12189 | Lair:3   | Identified the +2 scale mail of Fummife {MR+} (Okawaru
                  | gifted it to you on level 3 of the Lair of Beasts)
 12303 | Lair:3   | Found a staircase to the Shoals.
 13883 | Lair:6   | Entered Level 6 of the Lair of Beasts
 13910 | Lair:6   | Noticed a death yak
 13942 | Lair:6   | Noticed a death yak
 13952 | Lair:5   | Killed a death yak
 13971 | Lair:6   | Noticed a four-headed hydra
 13973 | Lair:6   | Killed a four-headed hydra
 13973 | Lair:6   | Received a gift from Okawaru
 13973 | Lair:6   | Reached skill level 10 in Staves
 13973 | Lair:6   | Reached XP level 13. HP: 100/108 MP: 8/12
 14169 | Lair:6   | Received a gift from Okawaru
 14635 | Lair:6   | Paralysed by a hornet for 3 turns
 15005 | Lair:6   | Received a gift from Okawaru
 15086 | Lair:6   | Found a runed translucent door.
 15087 | Lair:6   | Noticed a fire dragon
 15554 | Lair:6   | Reached skill level 10 in Fighting
 15676 | Lair:6   | Reached skill level 1 in Armour
 15740 | Lair:6   | Paralysed by a hornet for 3 turns
 16792 | Lair:6   | Received a gift from Okawaru
 16983 | Lair:6   | Found a runed translucent door.
 16983 | Lair:6   | Found a viscous altar of Jiyva.
 16983 | Lair:6   | Found a staircase to the Slime Pits.
 16983 | Lair:6   | Noticed an azure jelly
 16995 | Lair:6   | Reached XP level 14. HP: 109/121 MP: 13/13
 17338 | Lair:6   | Reached skill level 5 in Armour
 17543 | Orc:1    | Entered Level 1 of the Orcish Mines
 17809 | Orc:2    | Entered Level 2 of the Orcish Mines
 17809 | Orc:2    | Found a staircase to the Elven Halls.
 17972 | Orc:1    | Noticed Erica
 17987 | Orc:1    | Killed Erica
 18097 | Orc:1    | Found a roughly hewn altar of Beogh.
 18619 | Orc:2    | Reached skill level 1 in Evocations
 19350 | Orc:2    | Reached skill level 15 in Staves
 19377 | Orc:2    | Found Dafaimn's Weapon Shoppe.
 19377 | Orc:2    | Found Honoez's Jewellery Shop.
 19379 | Orc:2    | Found Noaben's Book Boutique.
 19381 | Orc:2    | Found Zutehaph's Gadget Emporium.
 19529 | Orc:2    | Bought the ring "Buruno" {+Blink rElec rPois rC- MR+} for
                  | 561 gold pieces
 19530 | Orc:2    | Bought an uncursed ring of see invisible for 195 gold
                  | pieces
 19577 | D:9      | Upgraded the game from 0.24-a0-769-g368c1644f8 to
                  | 0.24-a0-784-g601f8f6d22
 19608 | D:10     | Entered Level 10 of the Dungeon
 19739 | D:10     | You fall into a shaft and drop 1 floor!
 19739 | D:11     | Noticed Snorg
 19750 | D:11     | Killed Snorg
 19758 | D:11     | Found Zogouf's Distillery.
 19808 | D:11     | Received a gift from Okawaru
 20237 | D:11     | Found Juizxiv's Assorted Antiques.
 20456 | D:11     | Found Tirr's Armour Shoppe.
 20561 | D:10     | Noticed Gastronok
 20573 | D:10     | Killed Gastronok
 21422 | D:12     | Reached skill level 5 in Evocations
 21578 | D:12     | You fall into a shaft and drop 3 floors!
 21578 | D:15     | Entered Level 15 of the Dungeon
 21963 | D:12     | Identified a scroll of acquirement
 21964 | D:12     | Found the +8 storm bow {elec, penet}
 22102 | D:12     | Found Cimioqek's Magic Scroll Shoppe.
 22109 | D:12     | Bought a scroll of teleportation for 48 gold pieces
 22109 | D:12     | Bought a scroll of teleportation for 48 gold pieces
 22109 | D:12     | Bought a scroll of teleportation for 48 gold pieces
 22654 | D:13     | Received a gift from Okawaru
 22655 | D:13     | Got an ancient scale mail {god gift}
 22682 | D:13     | Identified the +6 scale mail "Mufatocrubb" {Str+3 Stlth+}
                  | (Okawaru gifted it to you on level 13 of the Dungeon)
 22700 | D:13     | Noticed Josephine
 22710 | D:13     | Killed Josephine
 22710 | D:13     | Reached XP level 15. HP: 83/126 MP: 19/19
 22890 | D:13     | Noticed Nessos
 22894 | D:13     | Killed Nessos
 23039 | D:13     | Found a gate to the Vaults.
 23302 | D:14     | Reached skill level 10 in Evocations
 23304 | D:14     | Found Xipyr's Armour Boutique.
 23315 | D:14     | Bought the +2 ratskin cloak {+Rats rPois rN+ Str-1 Int-1
                  | Dex+1} for 472 gold pieces
 23315 | D:14     | Found the +2 ratskin cloak {+Rats rPois rN+ Str-1 Int-1
                  | Dex+1}
 23544 | D:14     | Received a gift from Okawaru
 23782 | D:14     | Reached skill level 10 in Armour
 24353 | D:15     | Found a staircase to the Depths.
 24846 | Spider:1 | Entered Level 1 of the Spider Nest
 24913 | Spider:1 | Received a gift from Okawaru
 24918 | Spider:1 | Got a scorched shield {god gift}
 24919 | Spider:1 | Identified the +0 shield of Protective Custody {rPois rC+
                  | Stlth+} (Okawaru gifted it to you on level 1 of the Spider
                  | Nest)
 25065 | Spider:1 | Paralysed by a hornet for 1 turns
 25230 | Spider:1 | Reached XP level 16. HP: 40/137 MP: 22/22
 25250 | Spider:1 | HP: 6/137 [wolf spider (11)]
 25905 | Spider:1 | Noticed Agnes
 25921 | Spider:1 | Killed Agnes
 26473 | Spider:2 | Received a gift from Okawaru
 27616 | Spider:4 | Entered Level 4 of the Spider Nest
 28450 | Spider:4 | Received a gift from Okawaru
 28825 | Spider:4 | Reached XP level 17. HP: 146/146 MP: 23/23
 29022 | Spider:4 | Received a gift from Okawaru
 29117 | Spider:4 | Received a gift from Okawaru
 29442 | Spider:4 | Received a gift from Okawaru
 30051 | Spider:4 | Received a gift from Okawaru
 30247 | Spider:4 | Got a gossamer rune of Zot
 30435 | Shoals:1 | Entered Level 1 of the Shoals
 30502 | Shoals:1 | Reached skill level 15 in Fighting
 30838 | D:14     | Bought a +1 pair of boots of flying for 280 gold pieces
 31141 | Shoals:1 | Noticed Jorgrun
 31153 | Shoals:1 | Killed Jorgrun
 31750 | Shoals:1 | Noticed Louise
 31759 | Shoals:1 | Killed Louise
 31982 | Shoals:2 | Found a frozen archway.
 32000 | IceCv    | Entered an ice cave
 32259 | IceCv    | Received a gift from Okawaru
 32543 | IceCv    | Noticed an Ice Fiend
 32554 | IceCv    | Killed an Ice Fiend
 32713 | IceCv    | Got a slimy tin ring
 32721 | IceCv    | Identified the ring "Dofuaxam" {+Inv rCorr Str+2} (You
                  | found it in an ice cave)
 32739 | Shoals:2 | Received a gift from Okawaru
 32853 | Shoals:2 | Reached XP level 18. HP: 101/170 MP: 24/24
 34363 | Shoals:4 | Entered Level 4 of the Shoals
 34583 | Shoals:4 | Got a serpentine iron ring
 34584 | Shoals:4 | Identified the ring of Baheffot {rN+ Dex+4 Stlth+} (You
                  | found it on level 4 of the Shoals)
 35044 | Shoals:4 | Found a white marble altar of Elyvilon.
 35334 | Shoals:4 | Received a gift from Okawaru
 35491 | Shoals:4 | Received a gift from Okawaru
 35541 | Shoals:4 | Got a coiled copper amulet
 35542 | Shoals:4 | Identified the amulet of the Madman {Acrobat rN+} (You
                  | found it on level 4 of the Shoals)
 35563 | Shoals:4 | Found Yromepib's Gadget Shoppe.
 35805 | Shoals:4 | Noticed Polyphemus
 35813 | Shoals:4 | Killed Polyphemus
 35884 | Shoals:4 | Reached skill level 1 in Invocations
 36037 | Shoals:4 | Received a gift from Okawaru
 36170 | Shoals:4 | Got a barnacled rune of Zot
 36479 | Vaults:1 | Entered Level 1 of the Vaults
 36693 | Vaults:1 | Received a gift from Okawaru
 36765 | Vaults:1 | Reached skill level 5 in Invocations
 37100 | Vaults:1 | Identified a +2 pair of boots of running (You found it on
                  | level 1 of the Vaults)
 37278 | Vaults:1 | Reached XP level 19. HP: 156/185 MP: 25/25
 37689 | Vaults:1 | Reached skill level 10 in Invocations
 37905 | Vaults:1 | Found a runed translucent door.
 37905 | Vaults:1 | Noticed Ynisk's ghost (adept HaHu)
 37948 | Vaults:1 | Reached skill level 1 in Stealth
 37952 | Vaults:1 | Received a gift from Okawaru
 38371 | Vaults:1 | Killed Ynisk's ghost
 38371 | Vaults:1 | Received a gift from Okawaru
 38573 | Vaults:2 | Noticed Sojobo
 38832 | Vaults:2 | Reached skill level 5 in Stealth
 38850 | Vaults:2 | Killed from afar by Sojobo

Levels and vault maps discovered:
D:1:      dpeg_arrival_ratfight, layout_rooms, minmay_tall_x
D:2:      layout_loops_cross, elyvilon_altar_5, grunt_ministairs_1, uniq_sigmund
D:3:      layout_loops_corners
D:4:      layout_loops_ring, gammafunk_temple_of_torment,
          gammafunk_ghost_necromancy, minmay_misc_feat_five, uniq_pikel
D:5:      layout_rooms, first_ration, minmay_hedge_maze,
          yredelemnul_altar_generic, uniq_eustachio, uniq_ijyb
D:6:      layout_basic, gammafunk_temple_overflow_arena,
          chequers_temple_overflow_statue_of_worship
D:7:      layout_loops_cross, temple_hall, serial_shops, kennysheep_mini,
          the_bakery, roderic_serpentine_path, uniq_duvessa
D:8:      layout_basic, led_sif_book, david_lair_shrubbed, st_stairs_6,
          uniq_grum
D:9:      layout_big_octagon, old_standard_altar,
          nicolae_overflow_crystal_walls, orc_0_dummy, basic_altar
D:10:     layout_basic, uniq_gastronok
D:11:     layout_loops_cross, serial_shops, kennysheep_little_box,
          kennysheep_mini_moat, nicolae_shop_statue_plus, uniq_snorg
D:12:     layout_cave_pods, serial_shops, nicolae_shop_stone
D:13:     layout_rooms, erik_vaults_2, uniq_josephine, uniq_nessos
D:14:     layout_roguey, hangedman_decor_riveting, serial_shops,
          nicolae_shop_waterfront
D:15:     grunt_enter_depths_magical_seal, layout_basic, minivault_23
Temple:   cyrus_circular_temple
Lair:1:   layout_gridlike
Lair:2:   layout_chaotic_city, serial_bayou_shore_a, uniq_harold, uniq_fannar
Lair:3:   layout_cave_shapes, minmay_shoals_entry_centaurs,
          spider_nest_entry_funnel_web, lemuel_fruit_tree
Lair:4:   layout_gridlike, disabler_island, lemuel_fruit_fields
Lair:5:   layout_gridlike, roderic_carrion_pond, grunt_megastairs_5
Lair:6:   hangedman_lair_caniforms_friends, layout_misc_corridors, wormcave,
          slime_altar_2, chequers_serial_rivers_micro_b,
          grunt_forest_large_clearing_hut
Shoals:1: layout_shoals, nicolae_shoals_this_corrosion, uniq_louise,
          uniq_jorgrun
Shoals:2: layout_shoals, portal_ice_cave_entry_pillars_2,
          nicolae_shoals_siren_and_animal_friends
Shoals:3: layout_shoals
Shoals:4: shoals_end_grunt_ice, layout_shoals, serial_shops, shop,
          lemuel_oklob_altar, uniq_polyphemus
Spider:1: layout_spider_delve, uniq_agnes
Spider:2: layout_spider_delve, guppyfry_spider_mini_2
Spider:3: layout_spider_delve
Spider:4: spider_rune_water
Orc:1:    layout_caves, basic_altar, uniq_erica
Orc:2:    st_orc_rangers, layout_caves, mines2_lemuel
Vaults:1: gammafunk_vaults_ghost_grave, vaults_room_pool, vaults_room_door_hall,
          nicolae_vaults_border_crossing, v_misc_2, hangedman_vaults_slice,
          st_smaller_cells, ontoclasm_vaults_hangar, nicolae_vaults_big_ls,
          nicolae_vaults_triangles, grunt_vaults_diagonal, v_misc_23,
          vaults_dpeg_doors, nicolae_vaults_ring_of_whatevers,
          layout_vaults_omnibox
Vaults:2: ontoclasm_vaults_ring_large, ontoclasm_vaults_twist,
          minmay_crypt_entry_simple_round, v_rooms_6, v_misc_3,
          vaults_room_hallway, ontoclasm_vaults_chip, nicolae_vaults_asterisk,
          hangedman_vaults_slice, layout_vaults_chaotic_city, uniq_sojobo,
          uniq_saint_roka

Skill      XL: |  1  2  3  4  5  6  7  8  9 10 11 12 13 14 15 16 17 18 19 |
---------------+----------------------------------------------------------+-----
Fighting       | 3 4 5 8 10 11 12 17 20 | 20.0
Bows           | 5 7 8 9 11 13 14 16 17 20 | 20.4
Dodging        | 3 4 6 8 10 11 | 11.6
Staves         | 1 10 14 15 | 15.0
Armour         | 4 8 12 | 12.0
Evocations     | 7 10 | 10.0
Invocations    | 7 10 | 10.6
Stealth        | 5 |  5.1

Action                   |  1- 3 |  4- 6 |  7- 9 | 10-12 | 13-15 | 16-18 | 19-21 || total
-------------------------+-------+-------+-------+-------+-------+-------+-------++-------
Melee: Shortbow          |       |       |       |     5 |       |       |       ||     5
       Headbutt          |       |       |       |    32 |   152 |    25 |       ||   209
       Lajatang          |       |       |       |    95 |   727 |    92 |       ||   914
 Fire: Shortbow          |   105 |   215 |   458 |  1008 |   554 |       |       ||  2340
       Longbow           |       |       |       |       |   417 |  1560 |   257 ||  2234
Throw: Javelin           |       |       |       |       |     5 |       |       ||     5
Evoke: Wand              |       |       |    11 |     4 |     1 |       |       ||    16
  Use: Scroll            |       |    13 |     1 |    14 |    14 |    18 |     4 ||    64
       Potion            |       |     4 |       |     3 |     5 |     6 |       ||    18
 Stab: Sleeping          |       |       |       |       |     1 |       |       ||     1
  Eat: Chunk             |       |     5 |     7 |    24 |    28 |    14 |     4 ||    82
       Ration            |       |       |     2 |       |     2 |     6 |     1 ||    11
Armor: Leather armour    |    18 |    15 |    18 |       |       |       |       ||    51
       Skin              |       |    11 |     9 |       |       |       |       ||    20
       Scale mail        |       |       |    18 |   163 |   257 |   303 |    54 ||   795
Dodge: Dodged            |    31 |    34 |    93 |   440 |   873 |   618 |   127 ||  2216

Table legend:
 A = Non-vault XP
 B = Vault XP
 C = Vault XP percentage of total XP
 D = Non-vault monster count
 E = Vault monster count
 F = Vault count percentage of total count
                 A         B        C        D         E       F
            +---------+---------+-------+---------+---------+-------
      Total |  261707 |  168245 |  39.1 |     976 |     384 |  28.2
            +---------+---------+-------+---------+---------+-------
        D:1 |      44 |      10 |  18.5 |      20 |       9 |  31.0
        D:2 |     102 |     244 |  70.5 |      27 |       3 |  10.0
        D:3 |     123 |       0 |   0.0 |      27 |       0 |   0.0
        D:4 |     358 |       0 |   0.0 |      29 |       0 |   0.0
        D:5 |     531 |     246 |  31.7 |      18 |       2 |  10.0
        D:6 |    1371 |       0 |   0.0 |      42 |       0 |   0.0
        D:7 |    1664 |     442 |  21.0 |      24 |       3 |  11.1
        D:8 |    1134 |    1294 |  53.3 |      20 |       9 |  31.0
        D:9 |    1709 |       0 |   0.0 |      27 |       0 |   0.0
       D:10 |    4095 |    2338 |  36.3 |      32 |       1 |   3.0
       D:11 |    2808 |    1129 |  28.7 |      32 |       1 |   3.0
       D:12 |    5562 |       0 |   0.0 |      21 |       0 |   0.0
       D:13 |   10154 |   11422 |  52.9 |      37 |      15 |  28.8
       D:14 |    9783 |       0 |   0.0 |      37 |       0 |   0.0
       D:15 |   10899 |    3686 |  25.3 |      26 |       8 |  23.5
     Lair:1 |    2949 |       0 |   0.0 |      17 |       0 |   0.0
     Lair:2 |    4025 |    1989 |  33.1 |      18 |       2 |  10.0
     Lair:3 |    5150 |    1519 |  22.8 |      22 |       8 |  26.7
     Lair:4 |    3469 |     562 |  13.9 |      17 |       6 |  26.1
     Lair:5 |    7560 |     977 |  11.4 |      24 |       8 |  25.0
     Lair:6 |   10135 |   19221 |  65.5 |      23 |      77 |  77.0
   Shoals:1 |   15821 |    6143 |  28.0 |      33 |       5 |  13.2
   Shoals:2 |   17891 |    1915 |   9.7 |      37 |       6 |  14.0
   Shoals:3 |    8389 |     769 |   8.4 |      20 |       1 |   4.8
   Shoals:4 |   11849 |   29024 |  71.0 |      23 |      39 |  62.9
   Spider:1 |   22753 |    2078 |   8.4 |      58 |       1 |   1.7
   Spider:2 |   16290 |    1494 |   8.4 |      41 |       6 |  12.8
   Spider:3 |   13579 |       0 |   0.0 |      41 |       0 |   0.0
   Spider:4 |   28634 |   22574 |  44.1 |      73 |      37 |  33.6
      Orc:1 |    2902 |    1877 |  39.3 |      27 |       2 |   6.9
      Orc:2 |     905 |    4728 |  83.9 |      12 |      35 |  74.5
   Vaults:1 |   33005 |   38575 |  53.9 |      62 |      48 |  43.6
   Vaults:2 |    6064 |    3877 |  39.0 |       9 |       2 |  18.2
      IceCv |       0 |   10112 | 100.0 |       0 |      50 | 100.0
            +---------+---------+-------+---------+---------+-------
